cohdb
Replays
Latest Replays
All Replays
Popular Replays
Top Player Replays
Match Explorer
How It Works
Community
CoH3 Stats
Reddit
Sign in to upload your games and track your stats! →
Sign in with Steam
Match 40233763
Unlisted
Match 40233763
Overview
Messages
Build Orders
End
Royal Engineer Section
Construct Section Command Post
Infantry Section
Selects Canadian Shock Battlegroup
Infantry Section
Dingo Light Scout Car
Selects Offensive Resupply
Selects Canadian Shock Section
Canadian Shock Section
Construct Platoon Command Post
Humber Armored Car
Canadian Shock Section
Humber Armored Car
Light Vehicle Training
Selects Incendiary Munitions
Selects Pyrotechnics
Monsieur Nathan
DanielD
0
0
Comments
sign in to comment!
No comments posted yet!